 Dungeon Crawl Stone Soup version 0.23.0 (webtiles) character file.

Game seed: 9698452831797883682

50 goblindog the Shield-Bearer (level 3, -1/23 HPs)
             Began as a Gargoyle Fighter on Feb 17, 2019.
             Slain by a gnoll
             ... wielding a +0 halberd
              (7 damage)
             ... on level 2 of the Dungeon.
             The game lasted 00:04:41 (735 turns).

goblindog the Shield-Bearer (Gargoyle Fighter)       Turns: 735, Time: 00:04:42

Health: -1/23      AC: 13    Str: 20    XL:     3   Next: 79%
Magic:  3/3        EV:  7    Int:  8    God:
Gold:   37         SH:  9    Dex:  9    Spells: 2/2 levels left

rFire    . . .     SeeInvis .   g - +0 rapier
rCold    . . .     Gourm    .   c - +0 shield
rNeg     + . .     Faith    .   b - +0 scale mail
rPois    ∞         Spirit   .   (no helmet)
rElec    +         Reflect  .   (no cloak)
rCorr    .         Harm     .   (no gloves)
MR       .....                  j - +2 pair of boots
Stlth    ..........             (no amulet)
HPRegen  0.07/turn              (no ring)
MPRegen  0.08/turn              (no ring)

@: no status effects
A: negative energy resistance 1, electricity resistance, unbreathing,
petrification resistance, rot immunity, AC +3
a: no special abilities


You were on level 2 of the Dungeon.
You were not hungry.

You visited 1 branch of the dungeon, and saw 2 of its levels.

You collected 37 gold pieces.

Inventory:

Hand Weapons
 a - a +0 flail
 g - a +0 rapier (weapon)
Armour
 b - a +0 scale mail (worn)
 c - a +0 shield (worn)
 j - a +2 pair of boots (worn)
Scrolls
 i - 2 scrolls of identify {unknown}
Potions
 d - a potion of might
 e - a potion of lignification {unknown}
 h - a potion of heal wounds {unknown}
Comestibles
 f - 2 rations


   Skills:
 + Level 3.5 Fighting
 + Level 0.4 Short Blades
 + Level 2.5 Maces & Flails
 + Level 3.6 Armour
 + Level 0.2 Dodging
 + Level 4.0 Shields


You had 2 spell levels left.
You didn't know any spells.
Your spell library was empty.

Dungeon Overview and Level Annotations

Branches:
Dungeon (2/15)

Altars:


Innate Abilities, Weirdness & Mutations

You are resistant to torment.
Your stone body is resilient. (AC +3)
You are immune to poison.
You resist negative energy. (rN+)
You are resistant to electric shocks. (rElec)
You can survive without breathing.
You are immune to petrification.
You are immune to rotting.


Message History

You block the adder's attack. You block the gnoll's attack.
The gnoll hits you with a +0 flail. The adder bites you.
The gnoll hits you with a +0 flail.
* * * LOW HITPOINT WARNING * * *
The adder bites you but does no damage. You block the adder's attack.
You hit the adder but do no damage. You block the gnoll's attack.
The adder bites you but does no damage.
You barely miss the adder. You block the adder's attack.
The gnoll hits you but does no damage. You block the adder's attack.
You closely miss the adder. The gnoll closely misses you.
The adder barely misses you. The adder bites you but does no damage.
You barely miss the adder. You block the gnoll's attack.
The adder bites you but does no damage.
You closely miss the adder. You block the adder's attack.
You block the gnoll's attack. The adder barely misses you.
You hit the adder but do no damage.
The gnoll hits you from afar with a +0 halberd!
You die...

##...#)#### #.#### #.
#....#.# #.... .# #...##.#
#..#######.#
#....#.######..#.#.†...#
#......[.........#.##..# #
#..#.########..#.#<.#..#.####
#...... #..#.#..#.......#
#.###..# #..#.#..#.##..... #.
..# #..#@#..#.# ###.# #. ..#
#..#S####.# # #+ ..#
####..#gg....##
#......w......#
#.............#
#.............#
##.............#
#..............#
#.....#........#


You could see a worm, 2 gnolls and an adder.

Vanquished Creatures
  2 gnolls (D:2)
  4 giant cockroaches (D:2)
  3 goblins (D:1)
  2 hobgoblins (D:1)
  5 kobolds
  A ball python (D:1)
  6 bats
  5 rats
28 creatures vanquished.

Notes
Turn   | Place    | Note
-------+----------+-------------------------------------------
     0 | D:1      | goblindog the Gargoyle Fighter began the quest for the Orb.
     0 | D:1      | Reached XP level 1. HP: 14/14 MP: 1/1
     2 | D:1      | Noticed a demigod
     2 | D:1      | Noticed a merfolk
     4 | D:1      | Noticed a vampire
     4 | D:1      | Noticed a formicid
     8 | D:1      | Noticed an octopode
    10 | D:1      | Noticed a centaur
    10 | D:1      | Noticed an elf
    12 | D:1      | Noticed a spriggan
    12 | D:1      | Noticed a naga
    13 | D:1      | Noticed a vine stalker
    13 | D:1      | Noticed a human
    15 | D:1      | Noticed a troll
    15 | D:1      | Noticed a gargoyle
    30 | D:1      | Noticed a minotaur
    32 | D:1      | Noticed a dwarf
    34 | D:1      | Noticed a halfling
    34 | D:1      | Noticed a felid
    36 | D:1      | Noticed a draconian
    38 | D:1      | Noticed a demonspawn
    38 | D:1      | Noticed a ghoul
    50 | D:1      | Noticed an ogre
    50 | D:1      | Noticed a tengu
   226 | D:1      | Reached XP level 2. HP: 19/19 MP: 2/2
   279 | D:1      | You fall through a shaft!
   667 | D:2      | Reached XP level 3. HP: 21/23 MP: 3/3
   717 | D:2      | Reached skill level 4 in Shields
   735 | D:2      | Slain by a gnoll

Skill      XL: |  1  2  3 |
---------------+----------+-----
Shields        | 4 |  4.0
Fighting       | |  3.5
Short Blades   | |  0.4
Maces & Flails | |  2.5
Armour         | |  3.6
Dodging        | |  0.2

Action                   || total
-------------------------++-------
Melee: Flail             ||    45
       Rapier            ||    62
Armor: Scale mail        ||    70
Dodge: Dodged            ||    45
Block: Shield            ||    69
